 Dungeon Crawl Stone Soup version 0.26-a0-831-g7192265339 (webtiles) character file.

Game seed: 10954135359369794385

132 marklar909 the Conjurer (level 4, -2/33 HPs)
             Began as a Draconian Conjurer on Nov 16, 2020.
             Slain by Crazy Yiuf
             ... wielding a +4 quarterstaff of chaos
              (18 damage)
             ... on level 2 of the Dungeon.
             The game lasted 00:03:06 (2967 turns).

marklar909 the Conjurer (Draconian Conjurer)        Turns: 2967, Time: 00:03:06

Health: -2/33      AC:  6    Str: 10    XL:     4   Next: 92%
Magic:  2/8        EV: 11    Int: 19    God:
Gold:   72         SH:  3    Dex:  9    Spells: 5/8 levels left

rFire    . . .     SeeInvis .   (no weapon)
rCold    . . .     Faith    .   g - +0 buckler
rNeg     . . .     Spirit   .   (armour unavailable)
rPois    .         Reflect  .   (helmet restricted)
rElec    .         Harm     .   (no cloak)
rCorr    .         Rampage  .   (no gloves)
MR       .....                  f - +0 pair of boots
Stlth    ++........             (no amulet)
HPRegen  0.11/turn              (no ring)
MPRegen  0.11/turn              (no ring)

@: lethally poisoned (-2 -> -14), very slightly contaminated
A: unfitting armour, cold-blooded, AC +5
a: no special abilities


You were on level 2 of the Dungeon.
You visited 1 branch of the dungeon, and saw 2 of its levels.

You collected 72 gold pieces.

Inventory:

Armour
 f - a +0 pair of boots (worn)
 g - a +0 buckler (worn)
Scrolls
 a - 2 scrolls of enchant armour {unknown}
 d - a scroll of enchant weapon {unknown}
 e - 2 scrolls of teleportation {unknown}
 h - 3 scrolls of identify {unknown}
 j - a scroll of fog {unknown}
 l - a scroll of amnesia {unknown}
Potions
 b - 2 potions of cancellation {unknown}
 c - a potion of attraction {unknown}
 i - a potion of curing {unknown}
 k - a potion of brilliance {unknown}


   Skills:
 + Level 1.8 Dodging
 + Level 2.4 Stealth
 + Level 0.1 Shields
 + Level 2.8 Spellcasting
 + Level 5.5 Conjurations


You had 5 spell levels left.
You knew the following spells:

 Your Spells              Type           Power        Failure   Level
a - Magic Dart            Conj           ###.         2%          1
b - Searing Ray           Conj           ###...       4%          2

Your spell library contained the following spells:

 Spells                   Type           Power        Failure   Level
 Dazzling Flash           Conj/Hex       ##....       24%         3
 Fulminant Prism          Conj/Hex       ##........   63%         4
 Iskenderun's Mystic Bla  Conj/Tloc      ##......     63%         4


Dungeon Overview and Level Annotations

Branches:
Dungeon (2/15)

Altars:
Elyvilon
Wu Jian
Xom
Yredelemnul

Annotations:
D:2 Crazy Yiuf, Natasha


Innate Abilities, Weirdness & Mutations

Your plain brown scales are hard. (AC +5)
You cannot fit into any form of body armour.
You are cold-blooded and may be slowed by cold attacks.


Message History

Crazy Yiuf is almost dead.
You feel sick.
Crazy Yiuf drinks a potion.
Crazy Yiuf is healed!
The searing ray hits Crazy Yiuf.
Crazy Yiuf is moderately wounded.
You feel sick.
Crazy Yiuf hits you with a +4 quarterstaff of chaos.
You are more poisoned.
Casting: Searing Ray (safe; 4% risk of failure)
Confirm with . or Enter, or press ? or * to list all spells.
Aiming: Searing Ray (safe; 4% risk of failure)
Press: ? - help, Shift-Dir - straight line, f/p - Crazy Yiuf
Aim: Crazy Yiuf, wielding a +4 quarterstaff of chaos, wearing a +0 cloak and carrying a wand of flame (18) (moderately wounded)
You miscast Searing Ray.
You are very lightly contaminated with residual magic.
Nothing appears to happen.
You feel sick. Crazy Yiuf barely misses you.
You feel sick.
Crazy Yiuf hits you with a +4 quarterstaff of chaos.
You are electrocuted!!
Ouch! That really hurt!
You die...

###.#############..............#.
#.# #.#########.##.#. ###.######
#.# #.##.#. .........# ###
###.##.#. #.#>.....# #.#.##.#.
#........# #.#.##.#. .........#
### ♣♣##...##.#. #.#......#
#)..#♣♣ ♣♣......##.#. #.#.##.###
#...g@♣♣♣♣.......##.#. #.#.##.#
#...#♣..♣......#.##.#. #.#.##.#
### ♣♣♣.♣....##.##.#. #.#.##.###
♣♣♣♣♣##.#..#.#. #.#.##...#
#.#......
#........################........
#.#######.##..........#...###..#.
..........##.##.#.#.#.#...# #..#.
#.##..............#.#.########.#.


You could see Crazy Yiuf.

Vanquished Creatures
  A bullfrog skeleton (D:2)
  4 gnolls (D:2)
  2 adders (D:2)
  2 dart slugs
  A leopard gecko (D:1)
  9 bats
  3 giant cockroaches
  5 goblins
  7 hobgoblins
  A quokka (D:2)
  3 frilled lizards
  3 kobolds (D:1)
  4 rats
45 creatures vanquished.

Notes
Turn   | Place    | Note
-------+----------+-------------------------------------------
     0 | D:1      | marklar909 the Draconian Conjurer began the quest for the
                  | Orb.
     0 | D:1      | Reached XP level 1. HP: 14/14 MP: 3/3
   332 | D:1      | Reached XP level 2. HP: 20/20 MP: 1/5
   534 | D:1      | Learned a level 2 spell: Searing Ray
   929 | D:1      | Reached XP level 3. HP: 26/26 MP: 2/6
  1532 | D:2      | Reached skill level 5 in Conjurations
  1695 | D:2      | Reached XP level 4. HP: 28/33 MP: 2/7
  2143 | D:2      | Noticed Natasha
  2600 | D:2      | Found a runed translucent door.
  2601 | D:2      | Noticed Crazy Yiuf
  2664 | D:2      | Found a basalt altar of Yredelemnul.
  2664 | D:2      | Found a shimmering altar of Xom.
  2668 | D:2      | Found a white marble altar of Elyvilon.
  2669 | D:2      | Found an ornate altar of the Wu Jian Council.
  2967 | D:2      | Slain by Crazy Yiuf

Illustrated notes

Levels and vault maps discovered:
D:1:      lemuel_arrival_river_ford, layout_basic, minmay_tetromino_i4
D:2:      layout_basic, minitemple, uniq_crazy_yiuf_cottage, uniq_natasha

Skill      XL: |  1  2  3 |
---------------+----------+-----
Conjurations   | 5 |  5.5
Stealth        | 2 |  2.4
Dodging        | |  1.8
Shields        | |  0.1
Spellcasting   | |  2.8

Action                   |  1- 3 |  4- 6 || total
-------------------------+-------+-------++-------
Melee: Unarmed           |    15 |       ||    15
 Cast: Magic Dart        |    43 |    12 ||    55
       Searing Ray       |     7 |    10 ||    17
Armor: Skin              |    14 |     2 ||    16
Dodge: Dodged            |    22 |     2 ||    24
Block: Buckler           |     5 |       ||     5

Table legend: (Time is in decaauts)
 A = Elapsed time spent in this place.
 B = Non-inter-level travel time spent in this place.
 C = Inter-level travel time spent in this place.
 D = Time resting spent in this place.
 E = Time spent auto-exploring this place.
 F = Levels seen in this place.
 G = Mean time per level.
                   A        B        C        D        E       F      G
               +--------+--------+--------+--------+--------+-----+--------+
         Total |   2980 |   2902 |     78 |    353 |   2231 |   2 | 1490.0 |
       Dungeon |   2980 |   2902 |     78 |    353 |   2231 |   2 | 1490.0 |
               +--------+--------+--------+--------+--------+-----+--------+

Top non-repeatable levels by time:
     D:1: 1771 daAuts
     D:2: 1209 daAuts
